 Dungeon Crawl Stone Soup version 0.28-a0-1033-g1a2f33fa85 (webtiles) character file.

Game seed: 5340703931074077641

136 kae the Chopper (level 5, -29/45 HPs)
             Began as a Hill Orc Fighter on Dec 7, 2021.
             Killed from afar by Ijyb (35 damage)
             ... with a bolt of acid
             ... on level 3 of the Dungeon.
             The game lasted 00:01:10 (2204 turns).

kae the Chopper (Hill Orc Fighter)                  Turns: 2204, Time: 00:01:10

Health: -29/45     AC:  4    Str: 21    XL:     5   Next: 19%
Magic:  5/5        EV:  9    Int:  8    God:
Gold:   70         SH:  4    Dex: 10    Spells: 4/4 levels left

rFire   . . .      SeeInvis .   a - +0 war axe
rCold   . . .      Faith    .   c - +0 buckler
rNeg    . . .      Spirit   .   b - +0 scale mail
rPois   .          Reflect  .   (no helmet)
rElec   .          Harm     .   (no cloak)
rCorr   .          Rampage  .   f - +0 pair of gloves
Will    .....                   (no boots)
Stlth   ..........              (no amulet)
HPRegen 0.15/turn               (no ring)
MPRegen 0.09/turn               (no ring)

@: corroded
A: no striking features
a: no special abilities


You were on level 3 of the Dungeon.
You visited 1 branch of the dungeon, and saw 3 of its levels.

You collected 70 gold pieces.

Inventory:

Hand Weapons
 a - a +0 war axe (weapon)
Armour
 b - a +0 scale mail (worn)
 c - a +0 buckler (worn)
 f - a +0 pair of gloves (worn)
Scrolls
 k - a scroll of teleportation {unknown}
Potions
 d - a potion of might
 e - 2 potions of haste
 g - 3 potions of degeneration
 h - 2 potions of cancellation {unknown}
 i - a potion of berserk rage
 j - a potion of lignification {unknown}


   Skills:
 - Level 3.6 Fighting
 + Level 6.9 Axes
 - Level 3.2 Armour
 - Level 3.2 Shields


You had 4 spell levels left.
You didn't know any spells.
Your spell library was empty.

Dungeon Overview and Level Annotations

Branches:
Dungeon (3/15)

Altars:

Annotations:
D:2 1 runed translucent door, Crazy Yiuf
D:3 Ijyb, Natasha, Sigmund


Message History

A goblin comes into view. It is wielding a +0 club.
The frilled lizard bites you but does no damage.
A bat comes into view.
There are monsters nearby!
The goblin shouts!
You slash the frilled lizard!
You kill the frilled lizard!
Sigmund closely misses you.
Natasha, Servant of Life and Death comes into view.
Natasha hisses angrily.
Sigmund casts a spell at you. The magic dart hits you!
There are monsters nearby!
Sigmund gestures wildly while chanting.
Sigmund flickers and vanishes!
Deactivating autopickup; reactivate with Ctrl-A.
Natasha mumbles some strange words.
You feel disoriented. The endoplasm freezes you.
You are frozen.
Natasha casts a spell.
Natasha mumbles some strange words.
You feel disoriented.
Ijyb shouts!
The white imp disappears in a puff of smoke!
Ijyb closely misses you. Ijyb closely misses you. Ijyb hits you with a +0 club.
Ijyb screams, "Get away!"
Ijyb zaps a wand.
The bolt of acid hits you!!
Ouch! That really hurt!
* * * LOW HITPOINT WARNING * * *
The acid corrodes you!
Items here: ( )) †.
Natasha casts a spell.
There is a stone staircase leading up here.
Ijyb zaps a wand.
The bolt of acid hits the endoplasm.
The endoplasm completely resists.
The bolt of acid hits you!!
Ouch! That really hurt!
You die...

#######
##.#.####....## #h
.............#####.
#..####.#..#...##g.
#.####.##.###.....
#####.##.>.##...§.....
...........5...#####h#
##............#.....#
#....)....h#..{.gh##
#..@Jg..g..###....#
#..÷.......# #....#
############ ######


You could see Ijyb, Natasha, a white imp (summoned), an endoplasm and a goblin.

Vanquished Creatures
  A scorpion (D:3)
  2 adders (D:2)
  3 dart slugs (D:3)
  An orc (D:3)
  8 endoplasms
  4 goblins
  5 hobgoblins
  4 quokkas
  A ball python (D:1)
  8 bats
  4 frilled lizards
  5 kobolds
  10 rats
56 creatures vanquished.

Vanquished Creatures (others)
  A plant (D:1)
1 creature vanquished.

Grand Total: 57 creatures vanquished

Notes
Turn   | Place    | Note
-------+----------+-------------------------------------------
     0 | D:1      | kae the Hill Orc Fighter began the quest for the Orb.
     0 | D:1      | Reached XP level 1. HP: 19/19 MP: 1/1
    33 | D:1      | Reached skill level 3 in Axes
   394 | D:1      | Reached XP level 2. HP: 26/26 MP: 2/2
   431 | D:1      | Reached skill level 4 in Axes
   575 | D:1      | Found a faded altar of an unknown god.
   969 | D:2      | Reached XP level 3. HP: 31/31 MP: 3/3
  1193 | D:2      | Reached skill level 5 in Axes
  1657 | D:2      | Found a runed translucent door.
  1658 | D:2      | Noticed Crazy Yiuf
  1813 | D:3      | Reached XP level 4. HP: 37/39 MP: 4/4
  1864 | D:3      | Noticed a scorpion
  1868 | D:3      | Killed a scorpion
  1869 | D:3      | Reached skill level 6 in Axes
  1869 | D:3      | Reached XP level 5. HP: 45/45 MP: 5/5
  1902 | D:3      | Noticed Ijyb
  2160 | D:3      | Noticed Sigmund
  2165 | D:3      | Noticed Natasha
  2204 | D:3      | Killed from afar by Ijyb

Illustrated notes

Levels and vault maps discovered:
D:1:      eino_arrival_cavern_a, layout_basic,
          shapermc_ecumenical_altar_acropolis
D:2:      layout_basic, uniq_crazy_yiuf_cottage
D:3:      layout_rooms, hangedman_abyss_or_decor_lesser_grid,
          minmay_fractal_squares_gapless_5, uniq_sigmund, uniq_natasha,
          uniq_ijyb

Skill      XL: |  1  2  3  4 |
---------------+-------------+-----
Axes           | 3 4 5 6 |  6.9
Fighting       | |  3.6
Armour         | |  3.2
Shields        | |  3.2

Action                   |  1- 3 |  4- 6 || total
-------------------------+-------+-------++-------
Melee: War axe           |   106 |    42 ||   148
  Use: Scroll            |     6 |       ||     6
Armor: Scale mail        |    50 |    21 ||    71
Dodge: Dodged            |    48 |    23 ||    71
Block: Buckler           |    26 |     9 ||    35

Table legend: (Time is in decaauts)
 A = Elapsed time spent in this place.
 B = Non-inter-level travel time spent in this place.
 C = Inter-level travel time spent in this place.
 D = Time resting spent in this place.
 E = Time spent auto-exploring this place.
 F = Levels seen in this place.
 G = Mean time per level.
                   A        B        C        D        E       F      G
               +--------+--------+--------+--------+--------+-----+--------+
         Total |   2245 |   2178 |     67 |    104 |   1656 |   3 |  748.3 |
       Dungeon |   2245 |   2178 |     67 |    104 |   1656 |   3 |  748.3 |
               +--------+--------+--------+--------+--------+-----+--------+

Top non-repeatable levels by time:
     D:2: 1152 daAuts
     D:1: 824 daAuts
     D:3: 268 daAuts
